 Dungeon Crawl Stone Soup version 0.27.1-3-gb3d3a73c9e (webtiles) character file.

Game seed: 13971798621881417837

62 Urokeeper the Sneak (level 3, -2/20 HPs)
             Began as a Spriggan Brigand on Oct 6, 2021.
             Slain by a gnoll (6 damage)
             ... on level 2 of the Dungeon.
             The game lasted 00:05:25 (1374 turns).

Urokeeper the Sneak (Spriggan Brigand)              Turns: 1374, Time: 00:05:25

Health: -2/20      AC:  3    Str:  7    XL:     3   Next: 85%
Magic:  4/4        EV: 13    Int: 12    God:
Gold:   41         SH:  0    Dex: 17    Spells: 2/2 levels left

rFire    . . .     SeeInvis +   n - +2 dagger (vamp)
rCold    . . .     Faith    +   (shield restricted)
rNeg     . . .     Spirit   .   b - +0 robe
rPois    .         Reflect  .   (helmet restricted)
rElec    .         Harm     .   c - +0 cloak
rCorr    .         Rampage  .   (gloves unavailable)
Will     .....                  (boots unavailable)
Stlth    +++.......             g - amulet of faith
HPRegen  0.06/turn              (no ring)
MPRegen  0.09/turn              (no ring)

@: constricted, very quick
A: very small, no large weapons, unfitting armour, see invisible, speed 3
a: no special abilities


You were on level 2 of the Dungeon.
You visited 1 branch of the dungeon, and saw 3 of its levels.

You collected 41 gold pieces.

Inventory:

Hand Weapons
 a - a +2 dagger
 m - a +2 dagger of speed
 n - a +2 vampiric dagger (weapon)
Missiles
 d - 8 poisoned darts (quivered)
 e - 2 curare-tipped darts
Armour
 b - a +0 robe (worn)
 c - a +0 cloak (worn)
Jewellery
 g - an amulet of faith (around neck)
Scrolls
 l - a scroll of holy word {unknown}
Potions
 f - a potion of berserk rage {unknown}
 i - a potion of ambrosia {unknown}
 j - 3 potions of curing {unknown}
 k - 2 potions of mutation {unknown}


   Skills:
 + Level 3.5 Fighting
 - Level 2.1 Short Blades
 - Level 2.0 Throwing
 - Level 1.3 Dodging
 - Level 5.8 Stealth


You had 2 spell levels left.
You didn't know any spells.
Your spell library contained the following spells:

 Spells                   Type           Power      Damage    Failure   Level
 Summon Small Mammal      Summ           0%         N/A       32%         1
 Call Canine Familiar     Summ           0%         N/A       69%         3
 Summon Guardian Golem    Hex/Summ       0%         N/A       69%         3


Dungeon Overview and Level Annotations

Branches:
Dungeon (3/15)

Altars:


Innate Abilities, Weirdness & Mutations

You are very small and have problems with some larger weapons.
You are too small for most types of armour.
You have supernaturally acute eyesight. (SInv)
You cover ground extremely quickly. (Speed+++)


Message History

The bat closely misses you.
You completely miss the bat. The bat hits you but does no damage.
The ball python barely misses you. The ball python constricts you.
The gnoll hits you with a +0 whip.
You escape the ball python's grasp.
The goblin throws a stone.
The stone barely misses you. The bat barely misses you.
The bat closely misses you. The bat closely misses you. The bat misses you.
The bat misses you. The bat misses you. The bat closely misses you.
The ball python bites you. The ball python closely misses you.
You closely miss the bat. The bat completely misses you.
The ball python closely misses you. The ball python grabs you.
The ball python constricts you.
You hit the gnoll but do no damage. The bat hits you but does no damage.
The bat hits you.
The ball python bites you but does no damage.
The ball python constricts you. The gnoll completely misses you.
You hit the bat but do no damage. The bat closely misses you.
The gnoll misses you. The ball python misses you.
The ball python constricts you. The gnoll misses you.
The bat hits you but does no damage.
You hit the bat.
You feel better.
The bat is severely wounded.
The bat completely misses you.
The gnoll hits you from afar with a +0 spear.
The gnoll hits you with a +0 whip. The goblin misses you.
The ball python bites you.
* * * LOW HITPOINT WARNING * * *
The ball python constricts you.
* * * LOW HITPOINT WARNING * * *
The gnoll misses you.
As you read the scroll labelled GULUTO QIJOWAE, it crumbles to dust.
Wisps of shadow whirl around you...
It was a scroll of summoning.
The bat hits your worm but does no damage.
The gnoll hits you from afar with a +0 spear.
You die...

... .......>########..........
... ###.......#........#....)...
[. ##......................<....
# ...........†h.....#..#######
#### #.#######.........##....#
...###.#######r#.......#####...#
..........#..†.gggh...#### #..#
............##.Sgg.....≈.# ..
...........###.w@####..≈.#
..........###.bw.b.###.≈.#
..........# #......# ##≈##
..........# #......# ≈#
..........# #......# ≈#
..........# #......# ##
###.......# #......# #########
#......# ########


You could see 3 gnolls, a hobgoblin, a goblin, a bat (ally target), a ball
python (ally target), a rat, a friendly worm (summoned), a friendly dart slug
(summoned), 2 friendly jackals and a friendly bat (summoned).

Vanquished Creatures
  A gnoll (D:2)
  2 adders (D:2)
  A dart slug (D:1)
  5 bats (D:1)
  2 giant cockroaches
  7 goblins
  2 hobgoblins (D:1)
  2 kobolds (D:1)
  A quokka (D:1)
  5 ball pythons
  2 rats
30 creatures vanquished.

Notes
Turn   | Place    | Note
-------+----------+-------------------------------------------
     0 | D:1      | Urokeeper the Spriggan Brigand began the quest for the Orb.
     0 | D:1      | Reached XP level 1. HP: 10/10 MP: 2/2
   233 | D:1      | Found a faded altar of an unknown god.
   339 | D:1      | Reached XP level 2. HP: 15/15 MP: 3/3
  1131 | D:2      | Reached XP level 3. HP: 20/20 MP: 4/4
  1344 | D:3      | Noticed a water moccasin
  1374 | D:2      | Slain by a gnoll

Illustrated notes

Levels and vault maps discovered:
D:1:      lemuel_arrival_funnel, layout_basic, ebering_ecumenical_altar_box
D:2:      layout_rooms, chequers_serial_rivers_micro_b
D:3:      layout_basic

Skill      XL: |  1  2 |
---------------+-------+-----
Fighting       | 2 3 |  3.5
Short Blades   | |  2.1
Throwing       | |  2.0
Dodging        | |  1.3
Stealth        | |  5.8

Action                   || total
-------------------------++-------
Melee: Dagger            ||   133
  Use: Scroll            ||     1
 Stab: Sleeping          ||    10
Armor: Robe              ||    18
Dodge: Dodged            ||   107
